 Dungeon Crawl Stone Soup version 0.22.0-18-ge075c0d (webtiles) character file.

69 Faca the Chopper (level 4, 3/41 HPs)
             Began as a Minotaur Fighter on Aug 18, 2018.
             Quit the game on level 2 of the Dungeon.
             The game lasted 00:02:25 (734 turns).

Faca the Chopper (Minotaur Fighter)                  Turns: 734, Time: 00:02:25

Health: 3/41       AC:  9    Str: 21    XL:     4   Next: 2%
Magic:  3/3        EV:  5    Int:  8    God:
Gold:   103        SH:  9    Dex: 10    Spells: 3/3 levels left

rFire    . . .     SeeInvis .   a - +0 war axe
rCold    . . .     Gourm    .   c - +0 shield
rNeg     . . .     Faith    .   m - +0 chain mail
rPois    .         Spirit   .   (helmet restricted)
rElec    .         Reflect  .   (no cloak)
rCorr    .         Harm     .   (no gloves)
MR       .....                  (no boots)
Stlth    ..........             (no amulet)
HPRegen  0.13/turn              e - +3 ring of intelligence
MPRegen  0.08/turn              (no ring)

@: lethally poisoned (3 -> 0), slowed, very slow
A: retaliatory headbutt, horns 2
a: no special abilities


You were on level 2 of the Dungeon.
You were not hungry.

You visited 1 branch of the dungeon, and saw 2 of its levels.

You collected 103 gold pieces.

Inventory:

Hand Weapons
 a - a +0 war axe (weapon)
Armour
 c - a +0 shield (worn)
 m - a +0 chain mail (worn)
Jewellery
 e - a +3 ring of intelligence (left hand)
 g - an uncursed amulet of the acrobat {unknown}
Wands
 o - a wand of flame (17)
Scrolls
 b - a scroll of fog {unknown}
 h - 2 scrolls of teleportation {unknown}
 i - a scroll of enchant armour {unknown}
 j - a scroll of amnesia {unknown}
 k - a scroll of remove curse {unknown}
 l - 2 scrolls of identify {unknown}
Potions
 d - 2 potions of might
Comestibles
 f - 6 rations


   Skills:
 + Level 4.4 Fighting
 * Level 4.5 Axes
 - Level 3.6 Armour
 - Level 3.6 Shields


You had 3 spell levels left.
You didn't know any spells.
Your spell library was empty.

Dungeon Overview and Level Annotations

Branches:
Dungeon (2/15)

Altars:
Wu Jian


Innate Abilities, Weirdness & Mutations

You reflexively headbutt those who attack you in melee.
You have a pair of horns on your head.


Message History

Crazy Yiuf is heavily wounded.
You feel sick.
Crazy Yiuf hits you with a quarterstaff of chaos!
* * * LOW HITPOINT WARNING * * *
Crazy Yiuf burns you.
* * * LOW HITPOINT WARNING * * *
Crazy Yiuf grits, "Two!"
You block Crazy Yiuf's attack.
You slash Crazy Yiuf!
You kill Crazy Yiuf!
You have reached level 4!
You feel agile.
* * * LOW HITPOINT WARNING * * *
You feel sick.
It was a potion of magic.
Magic courses through your body.
* * * LOW HITPOINT WARNING * * *
You feel sick.
Items here: ! )) / [ †
Okay, then.
Are you sure you want to abandon this character and quit the game? (Confirm with "yes".)

#......####..#.###..†#.......+
#...[..# #..................#
#......# #.###..............#
#..##### ### #####.#........#
#..# ###......... #.##
#.#......... #.##### #####
#..#.....<.. #.....## ###)))#
#..#..)..[.. #......####)'@).#
#..#..#..... ##.....)#))##)))#
#....##..... ##...)#)########
#...##...... ########
#.........() #..........(
############..........#
#......................
##...................##
##................<.##


There were no monsters in sight!

Vanquished Creatures
  Crazy Yiuf (D:2)
  An adder (D:2)
  A dart slug (D:1)
  A giant cockroach (D:2)
  A goblin (D:1)
  4 hobgoblins
  6 jackals (D:2)
  5 kobolds
  A ball python (D:1)
  2 bats
  2 frilled lizards
  A leopard gecko skeleton (D:2)
  3 rats
29 creatures vanquished.

Notes
Turn   | Place    | Note
-------+----------+-------------------------------------------
     0 | D:1      | Faca the Minotaur Fighter began the quest for the Orb.
     0 | D:1      | Reached XP level 1. HP: 19/19 MP: 0/0
   169 | D:1      | Reached XP level 2. HP: 26/27 MP: 1/1
   547 | D:2      | Reached XP level 3. HP: 30/33 MP: 2/2
   672 | D:2      | Found an ornate altar of the Wu Jian Council.
   718 | D:2      | Found a runed door.
   722 | D:2      | Noticed Crazy Yiuf
   731 | D:2      | Killed Crazy Yiuf
   731 | D:2      | Reached XP level 4. HP: 5/41 MP: 3/3
   734 | D:2      | Quit the game

Skill      XL: |  1  2  3 |
---------------+----------+-----
Axes           | 3 4 |  4.5
Fighting       | 4 |  4.4
Armour         | |  3.6
Shields        | |  3.6

Action                   |  1- 3 |  4- 6 || total
-------------------------+-------+-------++-------
Melee: War axe           |    59 |       ||    59
       Headbutt          |     4 |       ||     4
  Use: Potion            |       |     1 ||     1
Armor: Scale mail        |    16 |       ||    16
       Chain mail        |     5 |       ||     5
Dodge: Dodged            |    19 |       ||    19
Block: Shield            |    28 |       ||    28
